 Dungeon Crawl Stone Soup version 0.31-a0-1008-g5b978dac0e (webtiles) character file.

Game seed: 9225625003116844604

14 Chiseanne the Sneak (level 2, 5/16 HPs)
             Began as a Spriggan Delver on Nov 12, 2023.
             Was an Initiate of Gozag.
             Quit the game on level 4 of the Dungeon.
             The game lasted 00:01:33 (244 turns).

Chiseanne the Sneak (Spriggan Delver)                Turns: 244, Time: 00:01:34

Health: 5/16       AC:  2    Str:  8    XL:     2   Next: 31%
Magic:  3/3        EV: 18    Int: 11    God:    Gozag
Gold:   22         SH:  0    Dex: 16    Spells: 1/1 levels left

rFire   . . .        a - +0 short sword
rCold   . . .        (no shield)
rNeg    . . .        b - +0 robe
rPois   .            (helmet restricted)
rElec   .            (no cloak)
rCorr   .            (gloves unavailable)
SInv    +            (boots unavailable)
Will    .....        (no amulet)
Stlth   ++++         (no ring)
HPRegen 0.22/turn    (no ring)
MPRegen 0.08/turn

%: no passive effects
@: lethally poisoned (5 -> -1), gold aura, very quick
A: very small, no large weapons, unfitting armour, see invisible, speed 3
a: Renounce Religion, Potion Petition, Call Merchant, Bribe Branch


You were on level 4 of the Dungeon.
You worshipped Gozag.
Gozag was noncommittal.
You visited 2 branches of the dungeon, and saw 3 of its levels.

You collected 44 gold pieces.
You paid 22 gold pieces to Gozag.

Inventory:

Hand Weapons
 a - a +0 short sword (weapon)
Armour
 b - a +0 robe (worn)
Wands
 g - a wand of digging (3)
Scrolls
 c - a scroll of fog
 d - a scroll of revelation
 e - a scroll of fear
 h - a scroll of identify {unknown}
Potions
 f - a potion of haste


   Skills:
 - Level 2.4 Fighting
 - Level 2.1 Short Blades
 + Level 3.2 Dodging
 * Level 7.9 Stealth


You had one spell level left.
You didn't know any spells.
Your spell library was empty.

Dungeon Overview and Level Annotations

Branches:
Dungeon (5/15)             Temple (1/1) D:5

Altars:
Ashenzari
Cheibriados
Dithmenos
Elyvilon
Fedhas
Gozag
Hepliaklqana
Kikubaaqudgha
Nemelex Xobeh
Sif Muna
Trog
Uskayaw
Vehumet
Wu Jian
Xom
Zin
The Shining One


Innate Abilities, Weirdness & Mutations

You are very small and have problems with some larger weapons.
You are too small for most types of armour.
You have supernaturally acute eyesight. (SInv)
You cover ground extremely quickly. (Speed+++)


Message History

There is a staircase to the Ecumenical Temple here.
There is a stone staircase leading up here.
You climb upwards.
Found 6 stones.
There is a stone staircase leading down here.
You see here 6 stones.
The helpless giant cockroach fails to defend itself.
You impale the giant cockroach!!
You kill the giant cockroach!
You now have 15 gold pieces (gained 5).
A jelly comes into view.
You hit the jelly.
Your hands burn!
The jelly is lightly wounded.
The jelly misses you.
A goblin comes into view. It is wielding a +0 dagger.
There is a stone staircase leading down here.
You climb downwards.
There is a stone staircase leading up here.
There is a stone staircase leading up here.
You climb upwards.
Found a pair of slimy boots.
There is a stone staircase leading down here.
You see here the +2 pair of boots of Purpose {*Slow Fly rCorr}.
A worm comes into view.
A scorpion comes into view.
The helpless worm fails to defend itself.
You impale the worm!!
You kill the worm!
You see here 7 gold pieces.
You now have 22 gold pieces (gained 7).
The scorpion attacks as it pursues you! The scorpion stings you.
You are lethally poisoned!
The scorpion poisons you!
You feel sick.
You feel sick.
You feel sick.
You feel sick.
You feel sick.
Okay, then.
Are you sure you want to abandon this character and quit the game? (Confirm with "yes".)

### ..#
########.###..
#####...[.........
#.....######>###..
.# #.# #.##### #.#
#.##.### #.# #.#
#.# #.##... ..#
#@# ..# #.##..#
#.# #.# ###
#g##..# #.# #s#
#.##..# #.# #.#
##.##..# #.# #.#
.J.....#####.# #.#
.#>...(......# #.#
.#####.####### #.#
.......# #....#


You could see a scorpion.

Vanquished Creatures
  A gnoll (D:5)
  A worm (D:4)
  A giant cockroach (D:4)
3 creatures vanquished.

Notes
Turn   | Place    | Note
-------+----------+-------------------------------------------
     0 | D:5      | Chiseanne the Spriggan Delver began the quest for the Orb.
     0 | D:5      | Reached XP level 1. HP: 11/11 MP: 2/2
    15 | D:5      | Found a white marble altar of Elyvilon.
    31 | D:5      | Reached XP level 2. HP: 14/16 MP: 3/3
    89 | D:5      | Found a staircase to the Ecumenical Temple.
   105 | Temple   | Entered the Ecumenical Temple
   130 | Temple   | Became a worshipper of Gozag Ym Sagoz the Greedy
   218 | D:4      | Identified the +2 pair of boots of Purpose {*Slow Fly
                  | rCorr}
   233 | D:4      | Noticed a scorpion
   244 | D:4      | Chiseanne: FUCK YOU DISGUSTING IDIOTS
   244 | D:4      | Quit the game

Illustrated notes

Levels and vault maps discovered:
D:4:      layout_loops_ring, yredelemnul_altar_generic,
          nicolae_qazlal_style_of_elements, uniq_robin, uniq_menkaure
D:5:      layout_rooms, mainiacjoe_overflow_catwalk,
          minmay_temple_entry_stoned_glass
Temple:   regret_index_temple_sphere_string

Skill      XL: |  1 |
---------------+----+-----
Dodging        | 3 |  3.2
Fighting       | |  2.4
Short Blades   | |  2.1
Stealth        | |  7.9

Action                     || total
---------------------------++-------
  Melee: Short sword       ||     4
   Stab: Sleeping          ||     3
 Armour: Robe              ||     2
  Dodge: Dodged            ||     1

Table legend: (Time is in decaauts)
 A = Elapsed time spent in this place.
 B = Non-inter-level travel time spent in this place.
 C = Inter-level travel time spent in this place.
 D = Time resting spent in this place.
 E = Time spent auto-exploring this place.
 F = Levels seen in this place.
 G = Mean time per level.
                   A        B        C        D        E       F      G
               +--------+--------+--------+--------+--------+-----+--------+
         Total |    154 |    123 |     31 |      0 |      0 |   3 |   51.3 |
       Dungeon |    122 |    121 |      1 |      0 |      0 |   2 |   61.0 |
        Temple |     31 |      2 |     29 |      0 |      0 |   1 |   31.0 |
               +--------+--------+--------+--------+--------+-----+--------+

Top non-repeatable levels by time:
     D:5: 81 daAuts
     D:4: 41 daAuts
  Temple: 31 daAuts
